AoeStats
← LeMeow

Fortress

508182495Analyzed
4v4 RM · 11d ago on Sep 21, 2026· 76m 0s· 8 players
Game mode
Random Map
Map size
Huge
Population
200
Speed
Normal
Resources
Standard
Victory
Conquest
Starting age
Dark Age
Ending age
Imperial Age
RankedLock teamsTeams togetherTeam positionsShared explorationLock speedFull tech treeHidden civsTurbo modeCheats
Victory
Defeat
🇹🇼 Japanese · Taiwan
1400
+14
🇨🇳 Spanish · China
1397
+14
🇩🇪 Persians · Germany
1347
+16
🇲🇽 Sicilians · Mexico
1338
+16
🇻🇳 Slavs · Vietnam
1381
-16
🇩🇪 Japanese · Germany
1354
-15
🇦🇺 Wei · Australia
1349
-15
🇻🇳 Spanish · Vietnam
1330
-14
The Rohirrim
8:04 Feudal Age
8:58 Loom
12:08 Castle Age
10:03 Double-Bit Axe
10:31 Horse Collar
12:29 Wheelbarrow
13:09 Bow Saw
13:37 Heavy Plow
20:07 Hand Cart
21:44 Scale Barding Armor
26:36 Imperial Age
24:32 Forging
25:21 Chain Barding Armor
25:56 Iron Casting
26:32 Bloodlines
26:23 Husbandry
27:50 Ming Guang Armor
26:46 Heavy Hei Guang Cavalry
28:15 Crop Rotation
28:47 Blast Furnace
28:12 Gold Mining
29:38 Caravan
40:22 Elite Tiger Cavalry
45:34 Light Cavalry
47:04 Pikeman
47:45 Squires
47:49 Scale Mail Armor
47:17 Hussar
50:03 Halberdier
51:19 Chain Mail Armor
58:28 Fletching
60:43 Bodkin Arrow
63:18 Coinage
63:50 Bracer
LeMeow
8:49 Feudal Age
10:14 Loom
10:19 Town Watch
12:50 Castle Age
10:42 Double-Bit Axe
11:11 Horse Collar
12:41 Padded Archer Armor
16:44 Bloodlines
30:48 Imperial Age
28:06 Loom
28:56 Gold Mining
30:32 Leather Archer Armor
30:07 Fletching
33:31 Conscription
35:21 Bow Saw
35:53 Elite Conquistador
37:27 Ring Archer Armor
37:40 Heavy Plow
40:11 Fletching
42:26 Chemistry
43:22 Ballistics
54:10 Bodkin Arrow
54:22 Husbandry
55:22 Scale Mail Armor
55:32 Forging
55:56 Caravan
56:37 Pikeman
57:17 Squires
57:03 Arson
57:37 Chain Mail Armor
57:58 Iron Casting
57:29 Halberdier
61:19 Plate Mail Armor
61:49 Blast Furnace
60:50 Bracer
61:37 Light Cavalry
63:22 Hussar
68:13 Onager
minhkhaidz204
8:00 Feudal Age
8:59 Double-Bit Axe
9:00 Horse Collar
12:13 Castle Age
15:02 Bow Saw
15:01 Heavy Plow
16:35 Wheelbarrow
18:20 Gold Mining
21:45 Gold Shaft Mining
21:01 Stone Mining
25:58 Imperial Age
23:45 Hand Cart
24:51 Forging
24:47 Scale Barding Armor
25:07 Detinets
26:38 Loom
27:26 Crop Rotation
28:16 Two-Man Saw
27:33 Masonry
28:24 Chemistry
27:53 Chain Barding Armor
28:08 Iron Casting
27:45 Bloodlines
27:35 Husbandry
27:29 Elite Boyar
28:31 Town Watch
28:46 Murder Holes
29:28 Plate Barding Armor
29:33 Conscription
30:36 Hoardings
30:20 Caravan
32:08 Blast Furnace
31:00 Fletching
31:36 Ballistics
36:04 Scale Mail Armor
37:05 Pikeman
37:45 Squires
38:55 Halberdier
40:02 Bodkin Arrow
40:25 Chain Mail Armor
45:27 Druzhina
46:05 Plate Mail Armor
45:31 Bodkin Arrow
47:42 Town Patrol
50:10 Man-at-Arms
53:19 Coinage
53:27 Coinage
Krabbel
8:36 Feudal Age
9:29 Double-Bit Axe
9:36 Gold Mining
9:39 Horse Collar
12:22 Castle Age
12:14 Scale Mail Armor
13:31 Bow Saw
18:55 Chain Mail Armor
26:39 Imperial Age
25:24 Forging
27:23 Iron Casting
27:31 Squires
28:53 Pikeman
35:19 Fervor
36:05 Halberdier
48:45 Plate Mail Armor
48:57 Man-at-Arms
51:08 Long Swordsman
52:57 Two-Handed Swordsman
55:27 Stone Mining
73:39 Blast Furnace
GRAN KHAN
8:13 Feudal Age
13:11 Castle Age
11:15 Horse Collar
11:46 Double-Bit Axe
12:24 Gold Mining
17:20 Wheelbarrow
17:24 Loom
20:57 First Crusade
20:42 Scale Mail Armor
21:20 Forging
27:31 Hand Cart
32:38 Imperial Age
30:29 Stone Mining
31:35 Bloodlines
31:41 Pikeman
32:22 Squires
33:05 Bow Saw
32:43 Halberdier
35:07 Capped Ram
36:42 Iron Casting
36:22 Chain Mail Armor
37:31 Conscription
38:47 Gold Shaft Mining
38:24 Caravan
38:28 Arson
38:12 Siege Ram
41:02 Stone Shaft Mining
43:42 Blast Furnace
43:12 Plate Mail Armor
48:05 Gambesons
47:42 Man-at-Arms
48:38 Long Swordsman
49:08 Two-Handed Swordsman
49:45 Champion
67:14 Town Watch
TW_彰化人
5:55 Loom
9:00 Feudal Age
13:10 Castle Age
11:17 Double-Bit Axe
11:13 Horse Collar
12:12 Fletching
14:26 Bodkin Arrow
14:35 Padded Archer Armor
18:53 Leather Archer Armor
19:36 Bloodlines
19:26 Husbandry
22:56 Ballistics
23:49 Thumb Ring
29:22 Bow Saw
29:49 Gold Mining
31:24 Wheelbarrow
30:51 Heavy Plow
33:44 Imperial Age
32:14 Caravan
33:14 Hand Cart
32:44 Town Watch
34:03 Heavy Cavalry Archer
36:19 Chemistry
35:53 Parthian Tactics
37:48 Bracer
38:40 Pikeman
39:39 Squires
41:34 Halberdier
42:46 Elite Skirmisher
48:34 Conscription
54:26 Scale Mail Armor
54:57 Ring Archer Armor
55:18 Light Cavalry
62:50 Forging
62:56 Chain Mail Armor
62:46 Scale Barding Armor
64:39 Stone Mining
67:20 Plate Mail Armor
67:25 Iron Casting
67:11 Chain Barding Armor
73:30 Blast Furnace
Mr.Robin
7:50 Feudal Age
8:45 Double-Bit Axe
11:30 Castle Age
9:22 Horse Collar
12:40 Loom
13:42 Bow Saw
18:10 Heavy Plow
21:24 Wheelbarrow
20:37 Town Watch
21:42 Gold Mining
21:54 Padded Archer Armor
23:05 Husbandry
25:48 Imperial Age
24:08 Leather Archer Armor
24:23 Stone Mining
24:50 Hand Cart
25:25 Bloodlines
25:56 Caravan
26:33 Masonry
26:56 Conscription
27:28 Guilds
29:54 Coinage
29:03 Elite Conquistador
31:33 Banking
34:23 Ring Archer Armor
34:37 Supremacy
35:43 Fletching
36:39 Hoardings
37:12 Chemistry
36:44 Architecture
36:55 Stone Shaft Mining
Tsunade
7:16 Feudal Age
11:10 Castle Age
9:39 Double-Bit Axe
9:34 Horse Collar
12:24 Bow Saw
17:38 Wheelbarrow
18:44 Heavy Plow
20:31 Stone Mining
20:32 Gold Mining
21:26 Hand Cart
22:33 Stone Shaft Mining
25:14 Imperial Age
22:30 Loom
22:31 Town Watch
23:30 Scale Barding Armor
24:53 Chain Barding Armor
24:36 Husbandry
24:46 Bloodlines
25:04 Fletching
25:24 Forging
25:59 Conscription
26:26 Plate Barding Armor
26:56 Two-Man Saw
26:36 Town Patrol
26:35 Murder Holes
28:03 Iron Casting
27:59 Elite War Elephant
31:09 Blast Furnace
30:05 Bodkin Arrow
30:41 Devotion
32:31 Coinage
32:11 Guilds
32:02 Caravan
33:43 Banking
34:36 Faith
36:35 Hoardings
36:13 Masonry
37:41 Architecture
38:51 Crop Rotation
41:42 Ballistics
42:22 Chemistry
Connection lost

Rejoining the realm…

Still unreachable

The connection could not be restored.

Session expired

The server has moved on; the page needs a fresh start.